 Dungeon Crawl Stone Soup version 0.25-a0-253-g6f1b5d974a (webtiles) character file.

Game seed: 12070322601514329348, levelgen mode: deterministic

129773 floatRand the End of an Era (level 16, 0/131 HPs)
             Began as a Demonspawn Gladiator on Dec 5, 2019.
             Was the Champion of Qazlal.
             Slain by a stone giant (19 damage)
             ... on level 14 of the Dungeon.
             The game lasted 00:32:31 (23487 turns).

floatRand the End of an Era (Demonspawn Gladiator) Turns: 23487, Time: 00:32:31

Health: 0/131      AC: 20    Str: 24    XL:     16   Next: 51%
Magic:  24/29      EV: 29    Int: 11    God:    Qazlal [******]
Gold:   1816       SH:  8    Dex: 23    Spells: 15/15 levels left

rFire    . . .     SeeInvis +   Q - +2 battleaxe (freeze)
rCold    + + .     Gourm    .   (shield currently unavailable)
rNeg     + + .     Faith    .   O - +5 robe of Night {Dark MR+ SInv}
rPois    +         Spirit   .   (helmet unavailable)
rElec    +         Reflect  .   x - scarf {cloud immunity}
rCorr    .         Harm     .   X - +2 pair of gloves
MR       +++..                  c - +2 pair of boots
Stlth    +.........             S - amulet of regeneration
HPRegen  0.71/turn              a - ring "Unkoxt" {rElec rPois rC+ MR+ Str+2}
MPRegen  0.21/turn              C - ring of positive energy

@: mighty, agile, protected from physical damage, studying Slings, repel
missiles
A: horns 3, icy blue scales 3, negative energy resistance 1, powered by pain 1,
spiny 2
a: Upheaval, Elemental Force, Disaster Area, Renounce Religion


You were on level 14 of the Dungeon.
You worshipped Qazlal.
Qazlal was exalted by your worship.
You were hungry.

You visited 3 branches of the dungeon, and saw 21 of its levels.
You also visited: Gauntlet, Ice Cave and Volcano.

You collected 1816 gold pieces.

Inventory:

Hand Weapons
 s - a +4 hand axe of draining
 H - the +9 staff of Olgreb {rPois}
   (You found it on level 9 of the Dungeon)

   It protects you from poison.
 K - a +1 scimitar of flaming
 Q - a +2 battleaxe of freezing (weapon)
Missiles
 d - 3 throwing nets (quivered)
Armour
 c - a +2 pair of boots (worn)
 x - a scarf of cloud immunity (worn)
 F - the +0 pair of gloves "Coanlav Peke" {Int+6}
   (You found it in an ice cave)

   It affects your intelligence (+6).
 O - the +5 robe of Night (worn) {Dark MR+ SInv}
   (You found it in an ice cave)

   It affects your resistance to hostile enchantments.
   It lets you see invisible.
 P - a +0 crystal plate armour of cold resistance
 T - a +0 plate armour of fire resistance
 X - a +2 pair of gloves (worn)
Jewellery
 a - the ring "Unkoxt" (left hand) {rElec rPois rC+ MR+ Str+2}
   (You found it in a Gauntlet)

   [ring of protection from cold]

   It affects your strength (+2).
   It protects you from cold.
   It insulates you from electricity.
   It protects you from poison.
   It affects your resistance to hostile enchantments.
 b - an uncursed amulet of the acrobat {unknown}
 g - an uncursed ring of see invisible
 r - an uncursed ring of poison resistance
 t - a +4 ring of strength {unknown}
 v - a +3 ring of protection {unknown}
 C - a ring of positive energy (right hand)
 S - an amulet of regeneration (around neck)
 V - an uncursed ring of resist corrosion {unknown}
Wands
 p - a wand of acid (4)
 E - a wand of paralysis (13)
 G - a wand of scattershot (12)
 L - a wand of polymorph (9)
 W - a wand of flame (20)
 Y - a wand of iceblast (32)
Scrolls
 e - 3 scrolls of fog
 q - 11 scrolls of remove curse
 u - 2 scrolls of enchant armour
 y - 4 scrolls of amnesia
 J - 7 scrolls of teleportation
 N - 2 scrolls of identify
 R - 2 scrolls of fear
 Z - 2 scrolls of blinking
Potions
 h - a potion of magic
 i - 6 potions of mutation
 j - 5 potions of might
 k - 2 potions of heal wounds
 l - 3 potions of cancellation
 m - 18 potions of curing
 n - 5 potions of resistance
 o - 5 potions of flight
 w - 3 potions of invisibility
 z - 2 potions of haste
 B - a potion of ambrosia
 D - 2 potions of agility
 M - a potion of brilliance
Books
 I - a manual of Slings
Comestibles
 f - 37 rations


   Skills:
 + Level 13.5 Fighting
 + Level 14.3 Axes
 - Level 1.7 Throwing
 + Level 12.6 Dodging
 * Level 18.7 Invocations


You had 15 spell levels left.
You didn't know any spells.
Your spell library contained the following spells:

 Spells                   Type           Power        Failure   Level  Hunger
 Confusing Touch          Hex            #.....       34%         1    ##.....
 Magic Dart               Conj           #...         34%         1    ##.....
 Shock                    Conj/Air       #...         34%         1    ##.....
 Summon Butterflies       Summ           #.......     34%         1    ##.....
 Blink                    Tloc           N/A          47%         2    ###....
 Call Imp                 Summ           #.......     47%         2    ###....
 Searing Ray              Conj           #.....       47%         2    ###....
 Slow                     Hex            #.......     47%         2    ###....
 Swiftness                Chrm/Air       #.......     47%         2    ###....
 Call Canine Familiar     Summ           #.......     71%         3    ####...
 Confuse                  Hex            #.......     71%         3    ####...
 Conjure Flame            Conj/Fire      #.......     71%         3    ####...
 Dazzling Flash           Conj/Hex       #.....       71%         3    ####...
 Gell's Gravitas          Tloc           #.........   71%         3    ####...
 Mephitic Cloud           Conj/Pois/Air  #.......     71%         3    ####...
 Recall                   Summ/Tloc      N/A          71%         3    ####...
 Static Discharge         Conj/Air       #.......     71%         3    ####...
 Airstrike                Air            #.........   98%         4    #####..
 Fulminant Prism          Conj/Hex       #.........   98%         4    #####..
 Iskenderun's Mystic Bla  Conj/Tloc      #.......     98%         4    #####..
 Petrify                  Tmut/Erth      #.......     98%         4    #####..
 Summon Ice Beast         Ice/Summ       #.......     98%         4    #####..
 Aura of Abjuration       Summ           #.........   100%        5    ######.
 Irradiate                Conj/Tmut      #.........   100%        5    ######.
 Lightning Bolt           Conj/Air       #.........   100%        5    ######.
 Metabolic Englaciation   Hex/Ice        #.........   100%        5    ######.
 Summon Demon             Summ           #.........   100%        5    ######.
 Summon Forest            Summ/Tloc      #.........   100%        5    ######.
 Summon Mana Viper        Hex/Summ       #.......     100%        5    ######.
 Yara's Violent Unravell  Hex/Tmut       #.........   100%        5    ######.
 Hydra Form               Tmut           #.........   100%        6    #######
 Shadow Creatures         Summ           N/A          100%        6    #######
 Statue Form              Tmut/Erth      #........    100%        6    #######
 Dragon Form              Tmut           #.........   100%        7    #######
 Summon Hydra             Summ           #.........   100%        7    #######


Dungeon Overview and Level Annotations

Branches:
Dungeon (14/15)            Temple (1/1) D:5            Lair (6/6) D:9
  Swamp (0/4) Lair:4        Snake (0/4) Lair:2        Slime (0/5) Lair:6
    Orc (0/2) D:10         Vaults (0/5) D:13          IceCv (visited)
Volcano (visited)         Gauntlet (visited)

Altars:
Cheibriados
Dithmenos
Elyvilon
Fedhas
Gozag
Hepliaklqana
Makhleb
Nemelex Xobeh
Qazlal
Ru
Sif Muna
Vehumet
Yredelemnul
Zin
Jiyva

Portals:
Trove: D:13 (show slimy rune of Zot)

Annotations:
D:4 3 runed translucent doors, Tux's ghost, amateur FoEE
D:5 1 runed translucent door, Crazy Yiuf
D:9 1 runed translucent door
Lair:1 exclusion: 2 oklob plants
Lair:6 1 runed translucent door


Innate Abilities, Weirdness & Mutations

You have a pair of large horns on your head.
You are completely covered in icy blue scales. (AC +4, rC+)
You resist negative energy. (rN+)
You sometimes gain a little power by taking damage.
You are mostly covered in sharp spines.


Message History

You focus on the pain.
You feel more agile all of a sudden.
* * * LOW HITPOINT WARNING * * *
Unknown command.
Unknown command.
You closely miss Borgoz's ghost. Your headbutt misses Borgoz's ghost.
Borgoz's ghost is almost destroyed.
Borgoz's ghost is engulfed in blazing flames.
Borgoz's ghost hits you.
* * * LOW HITPOINT WARNING * * *
You feel more protected from physical attacks.
* * * LOW HITPOINT WARNING * * *
You feel much better.
Borgoz's ghost is engulfed in blazing flames.
You destroy Borgoz's ghost!
Qazlal accepts your kill.
The stone giant throws a large rock.
The large rock is repelled.
Unknown command.
The stone giant hits you!!
You die...

#### ##.<## ##....##
###......## ####(........##
####.○.○.......#.#
#....†...........###
###○)@##...........##
##$$○C.##.........#.#
#.$$☼)..#...........##
#8($8..8#............#
###!$....∩#............#
#.##.8∩8.##.............
####.#######..............
##.#........###............
##...#......##
##...........


You could see a stone giant.

Vanquished Creatures
  A reaper (IceCv)
  The ghost of Borgoz the Fencer, a journeyman MiGl of Okawaru (D:14)
  A minotaur (Gauntlet)
  Snorg (Lair:3)
  A fire dragon (D:14)
  4 vault guards (D:13)
  An ice dragon (D:11)
  4 hydras
  3 catoblepae
  A centaur warrior (D:13)
  Erica (D:10)
  A death scarab (Gauntlet)
  8 two-headed ogres
  A dancing weapon (Volcano)
  3 death yaks (Lair:4)
  A deep troll earth mage (D:14)
  Urug (Lair:1)
  Sonja (Lair:6)
  A spectral death yak (Gauntlet)
  2 glowing orange brains (Gauntlet)
  4 skeletal warriors (D:13)
  2 unseen horrors (D:11)
  6 wizards
  A harpy (D:14)
  3 ugly things
  2 orc knights
  2 cyclopes
  2 deep elf magi
  An orc sorcerer (D:9)
  5 toenail golems (Volcano)
  14 elephants
  2 ice statues (IceCv)
  6 black mambas
  A torpor snail (Lair:2)
  A centaur zombie (D:11)
  9 spiny frogs
  A gargoyle (D:10)
  2 rime drakes
  5 centaur skeletons
  2 kobold demonologists
  14 komodo dragons
  7 ice devils (IceCv)
  A yaktaur (D:11)
  6 trolls
  A wolf spider simulacrum (Gauntlet)
  8 polar bears
  Prince Ribbit (D:5)
  21 blink frogs
  9 hornets
  9 hippogriffs
  8 slime creatures
  14 spriggans (Lair:6)
  A shadow (D:8)
  A centaur simulacrum (Gauntlet)
  2 basilisks
  4 wraiths
  8 wyverns
  8 humans (D:13)
  35 yaks
  4 vampire mosquitoes (D:13)
  2 hungry ghosts
  A redback simulacrum (Gauntlet)
  14 wargs (D:9)
  A harpy simulacrum (Gauntlet)
  26 water moccasins
  4 soldier ants
  4 acid dragons
  10 porcupines
  10 orc warriors
  5 ice beasts
  2 phantoms
  5 sky beasts
  6 black bears
  3 necrophages
  4 boggarts (Lair:6)
  16 centaurs
  6 ogres
  31 wolves
  21 crocodiles
  2 big kobolds
  20 bullfrogs
  7 scorpions
  A hornet simulacrum (Gauntlet)
  10 killer bees
  5 wights
  5 electric eels
  7 crimson imps
  5 howler monkeys
  A bullfrog zombie (D:8)
  A quasit (D:7)
  8 jellies
  8 orc priests
  2 bullfrog skeletons
  A gnoll shaman (D:10)
  4 hounds
  4 iguanas
  5 orc wizards
  13 worker ants
  A hound skeleton (D:8)
  7 gnolls
  19 adders
  2 shadow imps
  5 white imps (IceCv)
  8 ufetubi (IceCv)
  5 oozes (D:8)
  An adder skeleton (D:4)
  3 worms (D:2)
  3 dart slugs
  6 leopard geckos
  77 orcs
  3 ball pythons
  3 bats
  4 giant cockroaches
  7 goblins
  8 hobgoblins
  6 jackals
  17 kobolds
  7 quokkas
  3 frilled lizards
  A jackal skeleton (D:8)
  2 leopard gecko skeletons
  2 quokka zombies
  17 rats
  3 fungi
  A plant (Lair:6)
772 creatures vanquished.

Vanquished Creatures (others)
  6 white imps (IceCv)
  3 ufetubi (IceCv)
  4 fungi
  5 plants
18 creatures vanquished.

Grand Total: 790 creatures vanquished

Notes
Turn   | Place    | Note
-------+----------+-------------------------------------------
     0 | D:1      | floatRand the Demonspawn Gladiator began the quest for the
                  | Orb.
     0 | D:1      | Reached XP level 1. HP: 16/16 MP: 1/1
   104 | D:1      | Gained mutation: You are partially covered in sharp spines.
                  | [demonic ancestry]
   104 | D:1      | Reached XP level 2. HP: 7/22 MP: 2/2
   776 | D:1      | Gained mutation: You have a pair of small horns on your
                  | head. [demonic ancestry]
   776 | D:1      | Reached XP level 3. HP: 25/27 MP: 3/3
  1275 | D:1      | Found a shadowy altar of Dithmenos.
  1848 | D:2      | Gained mutation: You are partially covered in icy blue
                  | scales. (AC +2) [demonic ancestry]
  1848 | D:2      | Reached XP level 4. HP: 32/33 MP: 4/4
  2994 | D:3      | Found a shadowy altar of Dithmenos.
  3223 | D:4      | Reached skill level 5 in Axes
  3278 | D:4      | Gained mutation: You are mostly covered in icy blue scales.
                  | (AC +3) [demonic ancestry]
  3278 | D:4      | Reached XP level 5. HP: 11/38 MP: 5/5
  3794 | D:4      | Got a translucent dagger
  3795 | D:4      | Identified the +3 dagger of Income {holy, rF+ rN+ Str+2
                  | Dex-5} (You found it on level 4 of the Dungeon)
  3932 | D:4      | Found a runed translucent gate.
  3932 | D:4      | Found a runed translucent gate.
  3932 | D:4      | Found an opulent altar of Gozag.
  3933 | D:4      | Found a runed translucent gate.
  3935 | D:4      | Noticed Tux's ghost (amateur FoEE)
  4220 | D:4      | Reached XP level 6. HP: 44/44 MP: 6/6
  4414 | D:5      | Entered Level 5 of the Dungeon
  4632 | D:5      | Found a basalt altar of Yredelemnul.
  4632 | D:5      | Found a blossoming altar of Fedhas.
  4637 | D:5      | Found a burning altar of Makhleb.
  4639 | D:5      | Found a hazy altar of Hepliaklqana.
  4640 | D:5      | Found a faded altar of an unknown god.
  4684 | D:5      | Noticed a sky beast
  4693 | D:5      | Killed a sky beast
  4708 | D:5      | Noticed Prince Ribbit
  4716 | D:5      | Killed Prince Ribbit
  4716 | D:5      | Reached XP level 7. HP: 26/50 MP: 7/7
  4911 | D:5      | Found a runed translucent door.
  4912 | D:5      | Noticed Crazy Yiuf
  5153 | D:5      | Found a staircase to the Ecumenical Temple.
  5176 | Temple   | Entered the Ecumenical Temple
  5208 | Temple   | Became a worshipper of Qazlal Stormbringer
  5512 | D:6      | Reached skill level 1 in Invocations
  5624 | D:6      | Reached skill level 2 in Invocations
  5624 | D:6      | Gained mutation: You are mostly covered in sharp spines.
                  | [demonic ancestry]
  5624 | D:6      | Reached XP level 8. HP: 57/57 MP: 9/9
  5964 | D:6      | Reached skill level 3 in Invocations
  6228 | D:7      | Reached skill level 4 in Invocations
  6575 | D:7      | Reached skill level 5 in Invocations
  6576 | D:7      | Gained mutation: You are completely covered in icy blue
                  | scales. (AC +4, rC+) [demonic ancestry]
  6576 | D:7      | Reached XP level 9. HP: 36/66 MP: 11/13
  6788 | D:7      | Reached * piety under Qazlal
  6989 | D:8      | Reached skill level 5 in Fighting
  6989 | D:8      | Reached skill level 5 in Dodging
  6989 | D:8      | Reached skill level 6 in Invocations
  7335 | D:8      | Reached skill level 7 in Invocations
  7693 | D:8      | Reached ** piety under Qazlal
  7806 | D:8      | Reached XP level 10. HP: 76/76 MP: 15/15
  8391 | D:9      | Reached skill level 8 in Invocations
  8535 | D:9      | Found a runed translucent door.
  8537 | D:9      | Found a runed translucent gate.
  8538 | D:9      | Found a runed translucent gate.
  8543 | D:9      | Found a runed translucent door.
  8545 | D:9      | Found the +9 staff of Olgreb {rPois}
  8582 | D:9      | Reached skill level 10 in Axes
  9141 | D:9      | Noticed an orc sorcerer
  9152 | D:9      | Reached *** piety under Qazlal
  9154 | D:9      | Killed an orc sorcerer
  9154 | D:9      | Reached skill level 9 in Invocations
  9630 | D:9      | Reached XP level 11. HP: 85/85 MP: 18/18
  9759 | D:9      | Noticed a shadow wraith
  9791 | D:9      | Noticed an orc knight
  9816 | D:9      | Killed an orc knight
  9863 | D:9      | Found a runed translucent gate.
 10258 | D:9      | Found a staircase to the Lair.
 10394 | D:9      | Reached skill level 10 in Invocations
 10426 | D:9      | Reached **** piety under Qazlal
 10723 | D:10     | Entered Level 10 of the Dungeon
 10857 | D:10     | Noticed a two-headed ogre
 10860 | D:10     | Killed a two-headed ogre
 11000 | D:10     | Noticed Erica
 11012 | D:10     | Killed Erica
 11024 | D:10     | Reached skill level 11 in Invocations
 11131 | D:10     | Found a staircase to the Orcish Mines.
 11414 | D:11     | Noticed a two-headed ogre
 11425 | D:11     | Killed a two-headed ogre
 11436 | D:11     | Noticed a two-headed ogre
 11448 | D:11     | Killed a two-headed ogre
 11527 | D:11     | Gained mutation: You sometimes gain a little power by
                  | taking damage. [demonic ancestry]
 11527 | D:11     | Reached XP level 12. HP: 84/95 MP: 20/20
 11816 | D:11     | Noticed a four-headed hydra
 11821 | D:11     | Killed a five-headed hydra
 11821 | D:11     | Reached skill level 12 in Invocations
 11845 | D:11     | Reached ***** piety under Qazlal
 11924 | D:11     | Found a frozen archway.
 11927 | D:11     | Noticed an ice dragon
 11960 | D:11     | Killed an ice dragon
 11976 | D:11     | Reached skill level 10 in Fighting
 12047 | IceCv    | Entered an ice cave
 12262 | IceCv    | Got a pair of bloodstained gloves
 12276 | IceCv    | Identified the cursed +0 pair of gloves "Coanlav Peke"
                  | {Int+6} (You found it in an ice cave)
 12436 | IceCv    | Noticed a reaper
 12464 | IceCv    | Killed a reaper
 12466 | IceCv    | Found the +5 robe of Night {Dark MR+ SInv}
 12857 | D:11     | Reached skill level 13 in Invocations
 12896 | D:11     | You fall into a shaft and drop 1 floor!
 13158 | D:11     | Found a shadowy altar of Dithmenos.
 13329 | D:12     | Found a radiant altar of Vehumet.
 13350 | D:12     | Noticed a two-headed ogre
 13354 | D:12     | Reached skill level 10 in Dodging
 13355 | D:12     | Reached XP level 13. HP: 57/104 MP: 22/22
 14612 | Lair:1   | Entered Level 1 of the Lair of Beasts
 15137 | Lair:1   | Noticed Urug
 15143 | Lair:1   | Killed Urug
 16065 | Lair:2   | Reached skill level 14 in Invocations
 16467 | Lair:2   | Found a staircase to the Snake Pit.
 16926 | Lair:3   | Reached ****** piety under Qazlal
 17270 | Lair:3   | Noticed Snorg
 17280 | Lair:3   | Killed Snorg
 17815 | Lair:4   | Gained mutation: You have a pair of horns on your head.
                  | [demonic ancestry]
 17815 | Lair:4   | Reached XP level 14. HP: 95/114 MP: 23/25
 17877 | Lair:4   | Reached skill level 15 in Invocations
 17975 | Lair:4   | Found a dark tunnel.
 18032 | Lair:4   | Found a staircase to the Swamp.
 18091 | Volcano  | Entered a volcano
 18176 | Volcano  | Paralysed by a wizard for 2 turns
 18775 | Lair:4   | Reached skill level 16 in Invocations
 18775 | Lair:4   | Gained mutation: You have a pair of large horns on your
                  | head. [demonic ancestry]
 18775 | Lair:4   | Reached XP level 15. HP: 122/122 MP: 25/27
 18940 | Lair:5   | Found a gate leading to a gauntlet.
 18952 | Gauntlet | Entered a Gauntlet
 18952 | Gauntlet | Found a large runed translucent door.
 18952 | Gauntlet | Found a large runed translucent door.
 18952 | Gauntlet | Found a large runed translucent door.
 18952 | Gauntlet | Found a large runed translucent door.
 18952 | Gauntlet | Found a runed translucent door.
 18952 | Gauntlet | Found a transporter.
 18952 | Gauntlet | Found a transporter.
 18952 | Gauntlet | Found a runed translucent door.
 18952 | Gauntlet | Found a large runed translucent door.
 18952 | Gauntlet | Found a large runed translucent door.
 18953 | Gauntlet | Found a large runed translucent door.
 18954 | Gauntlet | Found a large runed translucent door.
 18962 | Gauntlet | Found a transporter.
 18983 | Gauntlet | Found a large runed translucent door.
 18984 | Gauntlet | Found a transporter.
 18984 | Gauntlet | Found a large runed translucent door.
 18985 | Gauntlet | Found a large runed translucent door.
 18985 | Gauntlet | Found a large runed translucent door.
 18986 | Gauntlet | Found a runed translucent gate.
 19005 | Gauntlet | Found a large runed translucent door.
 19015 | Gauntlet | Found a large runed translucent door.
 19016 | Gauntlet | Found a large runed translucent door.
 19016 | Gauntlet | Found a large runed translucent door.
 19021 | Gauntlet | Found a runed translucent gate.
 19027 | Gauntlet | Found a transporter.
 19027 | Gauntlet | Found a runed translucent gate.
 19035 | Gauntlet | Found a transporter.
 19057 | Gauntlet | Found a transporter.
 19067 | Gauntlet | Found a transporter.
 19131 | Gauntlet | Found a transporter.
 19146 | Gauntlet | Found a transporter.
 19169 | Gauntlet | Found a transporter.
 19175 | Gauntlet | Found a transporter.
 19418 | Gauntlet | Got a shimmering amber ring
 19438 | Gauntlet | Found a transporter.
 19469 | Gauntlet | Found a transporter.
 19507 | Gauntlet | Identified the ring of Salvation {*Tele Str+3}
 19530 | Gauntlet | Identified the ring "Unkoxt" {rElec rPois rC+ MR+ Str+2}
                  | (You found it in a Gauntlet)
 20366 | Lair:6   | Entered Level 6 of the Lair of Beasts
 20395 | Lair:6   | Reached skill level 17 in Invocations
 20421 | Lair:6   | Noticed Sonja
 20424 | Lair:6   | Killed Sonja
 20832 | Lair:6   | Found a runed translucent door.
 20832 | Lair:6   | Found a viscous altar of Jiyva.
 20833 | Lair:6   | Found a staircase to the Slime Pits.
 20949 | Lair:6   | Paralysed by a hornet for 3 turns
 20967 | Lair:6   | Gained mutation: You resist negative energy. (rN+) [demonic
                  | ancestry]
 20967 | Lair:6   | Reached XP level 16. HP: 74/130 MP: 26/28
 22144 | D:13     | HP: 2/130 [catoblepas (19)]
 22637 | D:13     | Reached skill level 18 in Invocations
 22695 | D:13     | Found a portal to a secret trove of treasure.
 22880 | D:13     | Found a gate to the Vaults.
 23188 | D:14     | Found a runed translucent gate.
 23189 | D:14     | Found a runed translucent gate.
 23189 | D:14     | Found an opulent altar of Gozag.
 23189 | D:14     | Noticed Borgoz's ghost (journeyman MiGl)
 23190 | D:14     | Found a runed translucent gate.
 23484 | D:14     | HP: 5/131 [Borgoz's ghost (4)]
 23486 | D:14     | Killed Borgoz's ghost
 23487 | D:14     | Slain by a stone giant

Levels and vault maps discovered:
D:1:      dpeg_arrival_water_altar, layout_basic
D:2:      minmay_spotlight, layout_basic, first_ration, minmay_rat_gold_closets
D:3:      layout_basic, overflow_temple_1_default
D:4:      layout_cave_pods, ebering_ghost_gozag
D:5:      layout_loops_ring, chequers_temple_overflow_minitemple,
          minmay_temple_entry_nine_rooms, uniq_crazy_yiuf_cottage,
          uniq_prince_ribbit1
D:6:      layout_basic
D:7:      layout_basic
D:8:      layout_loops_cross, hangedman_little_slice_of_home, nzn_random_ring
D:9:      lemuel_castle_with_subvaults [lemuel_castle_interior_original],
          layout_irregular_city, erik_lair_dragon,
          minmay_guarded_unrand_staff_of_olgreb
D:10:     layout_small_grid, orc_0_dummy, uniq_erica
D:11:     hangedman_cross_veins, layout_basic,
          portal_ice_cave_entry_animals_and_master,
          nicolae_dithmenos_through_a_glass_darkly
D:12:     layout_basic, basic_altar
D:13:     layout_rooms, ximxim_vaults_locker_room,
          nicolae_trove_entry_free_sample
D:14:     layout_big_octagon, ebering_ghost_gozag, minivault_27
Temple:   minmay_crystal_spiral_temple
Lair:1:   minmay_lair_oklob_tunnel, layout_chaotic_city,
          nicolae_quartered_pool_little, uniq_urug
Lair:2:   layout_long_grid, minmay_snake_entry_six_corridors,
          hangedman_lair_generics_rect
Lair:3:   layout_gridlike, beast_lair_carwin_3, uniq_snorg
Lair:4:   layout_hall_layers, swamp_mist_pool, enter_volcano_2,
          chequers_serial_rivers_small_3
Lair:5:   layout_hall_layers, gauntlet_entry_generic, minmay_holes,
          chequers_serial_rivers_micro_d, grunt_megastairs_5,
          infiniplex_staircase_pool
Lair:6:   minmay_lair_end_enchanted_forest, layout_cave_pods, slime_altar_2,
          st_stairs_13, lemuel_fruit_fields, infiniplex_staircase_pool_2,
          uniq_sonja

Skill      XL: |  1  2  3  4  5  6  7  8  9 10 11 12 13 14 15 16 |
---------------+-------------------------------------------------+-----
Axes           | 3 4 5 6 7 8 9 10 11 12 13 14 | 14.3
Invocations    | 2 5 7 9 11 13 14 16 17 18 | 18.7
Dodging        | 3 4 6 7 8 10 11 12 | 12.6
Fighting       | 4 6 7 9 10 11 12 13 | 13.5
Throwing       | |  1.7

Action                   |  1- 3 |  4- 6 |  7- 9 | 10-12 | 13-15 | 16-18 || total
-------------------------+-------+-------+-------+-------+-------+-------++-------
Melee: War axe           |    99 |    58 |       |       |       |       ||   157
       Headbutt          |     4 |    16 |    45 |   218 |   132 |    69 ||   484
       Flail             |       |    44 |       |       |       |       ||    44
       Hand axe          |       |    20 |   211 |   788 |       |       ||  1019
       Battleaxe         |       |       |       |    60 |   569 |   220 ||   849
Invok: Upheaval          |       |       |       |     6 |     6 |     2 ||    14
Evoke: Wand              |       |       |       |     2 |     5 |       ||     7
  Use: Scroll            |       |     6 |     3 |    18 |    17 |     1 ||    45
       Potion            |       |     1 |       |     1 |     2 |     2 ||     6
 Stab: Sleeping          |     3 |     2 |       |       |       |       ||     5
       Invisible         |       |       |       |     3 |       |       ||     3
       Petrified         |       |       |       |       |       |     6 ||     6
  Eat: Chunk             |     3 |     9 |    10 |    16 |    22 |     4 ||    64
       Ration            |       |       |       |     1 |     1 |     1 ||     3
Armor: Leather armour    |    19 |    33 |    43 |    33 |       |       ||   128
       Troll leather arm |       |       |       |    57 |       |       ||    57
       Robe              |       |       |       |    15 |   120 |    50 ||   185
Dodge: Dodged            |    54 |    55 |    88 |   367 |   481 |   134 ||  1179
       Deflected         |       |       |       |     9 |     6 |    11 ||    26
Block: Buckler           |     6 |    19 |    52 |   297 |       |       ||   374
       Other             |       |       |       |    18 |   205 |    72 ||   295

Table legend:
 A = Non-vault XP
 B = Vault XP
 C = Vault XP percentage of total XP
 D = Non-vault monster count
 E = Vault monster count
 F = Vault count percentage of total count
                 A         B        C        D         E       F
            +---------+---------+-------+---------+---------+-------
      Total |   79948 |   61976 |  43.7 |     469 |     300 |  39.0
            +---------+---------+-------+---------+---------+-------
        D:1 |      59 |       0 |   0.0 |      25 |       0 |   0.0
        D:2 |      49 |      18 |  26.9 |      20 |      15 |  42.9
        D:3 |      28 |       0 |   0.0 |      12 |       0 |   0.0
        D:4 |     307 |       0 |   0.0 |      15 |       0 |   0.0
        D:5 |     292 |     274 |  48.4 |      11 |       1 |   8.3
        D:6 |     808 |       0 |   0.0 |      12 |       0 |   0.0
        D:7 |    1447 |       0 |   0.0 |      22 |       0 |   0.0
        D:8 |    1313 |    1246 |  48.7 |      16 |      24 |  60.0
        D:9 |    1346 |    6706 |  83.3 |      24 |      87 |  78.4
       D:10 |    3853 |     907 |  19.1 |      27 |       1 |   3.6
       D:11 |    5430 |    8401 |  60.7 |      38 |      28 |  42.4
       D:12 |    6228 |       0 |   0.0 |      36 |       0 |   0.0
       D:13 |    8013 |    5549 |  40.9 |      24 |      12 |  33.3
       D:14 |    9381 |    3832 |  29.0 |      32 |       5 |  13.5
     Lair:1 |    4533 |     985 |  17.9 |      20 |       2 |   9.1
     Lair:2 |    4259 |    3929 |  48.0 |      26 |      21 |  44.7
     Lair:3 |    4693 |    2567 |  35.4 |      21 |       5 |  19.2
     Lair:4 |   11097 |       0 |   0.0 |      31 |       0 |   0.0
     Lair:5 |    5133 |     205 |   3.8 |      20 |       1 |   4.8
     Lair:6 |   11679 |    9966 |  46.0 |      37 |      51 |  58.0
      IceCv |       0 |    4112 | 100.0 |       0 |      24 | 100.0
    Volcano |       0 |    6845 | 100.0 |       0 |      11 | 100.0
   Gauntlet |       0 |    6434 | 100.0 |       0 |      12 | 100.0
            +---------+---------+-------+---------+---------+-------
